 Dungeon Crawl Stone Soup version 0.27-a0-46-g34d46f0a3f (webtiles) character file.

Game seed: 4024694801367682907

653 Borgoz the Covered (level 7, -1/48 HPs)
             Began as a Halfling Fighter on Jan 7, 2021.
             Killed from afar by Blork the orc (6 damage)
             ... with a puff of flame
             ... on level 5 of the Dungeon.
             The game lasted 00:05:13 (3594 turns).

Borgoz the Covered (Halfling Fighter)               Turns: 3594, Time: 00:05:14

Health: -1/48      AC:  9    Str: 19    XL:     7   Next: 84%
Magic:  7/7        EV: 30    Int:  6    God:
Gold:   299        SH:  0    Dex: 14    Spells: 6/6 levels left

rFire    . . .     SeeInvis .   a - +0 rapier
rCold    . . .     Faith    .   c - +0 kite shield
rNeg     . . .     Spirit   .   b - +0 scale mail
rPois    .         Reflect  .   (no helmet)
rElec    .         Harm     .   m - +1 cloak
rCorr    .         Rampage  .   (no gloves)
Will     .....                  (no boots)
Stlth    ..........             p - amulet of the acrobat
HPRegen  0.16/turn              i - +4 ring of evasion
MPRegen  0.10/turn              (no ring)

@: confused, acrobat, hasted, glowing, very quick
A: small, mutation resistance 1
a: no special abilities


You were on level 5 of the Dungeon.
You visited 1 branch of the dungeon, and saw 5 of its levels.

You collected 299 gold pieces.

Inventory:

Hand Weapons
 a - a +0 rapier (weapon)
Armour
 b - a +0 scale mail (worn)
 c - a +0 kite shield (worn)
 m - a +1 cloak (worn)
Jewellery
 i - a +4 ring of evasion (left hand)
 p - an amulet of the acrobat (around neck)
Wands
 o - a wand of digging (4)
Scrolls
 e - a scroll of fog
 g - 2 scrolls of enchant armour
 k - 5 scrolls of teleportation
 n - a scroll of remove curse
 q - a scroll of amnesia
Potions
 f - a potion of cancellation
 j - a potion of brilliance {unknown}
 l - a potion of magic
 r - a potion of heal wounds {unknown}
 s - a potion of lignification {unknown}


   Skills:
 + Level 4.1 Fighting
 + Level 4.8 Short Blades
 + Level 5.1 Armour
 + Level 3.6 Dodging
 + Level 4.0 Stealth
 - Level 3.3 Shields


You had 6 spell levels left.
You didn't know any spells.
Your spell library was empty.

Dungeon Overview and Level Annotations

Branches:
Dungeon (5/15)
 Temple: D:4-7

Altars:
Cheibriados
Makhleb
Yredelemnul
Zin

Annotations:
D:5 Blork the orc, Dowan


Innate Abilities, Weirdness & Mutations

You are small and have problems with some larger weapons.
You are somewhat resistant to further mutation.


Message History

You puncture Blork the orc!
Blork the orc is moderately wounded.
Dowan points at you and mumbles some strange words.
The shard of ice hits you.
* * * LOW HITPOINT WARNING * * *
You block Blork the orc's attack.
You hit Dowan.
Dowan is heavily wounded.
Dowan hits you with a +0 dagger.
* * * LOW HITPOINT WARNING * * *
Dowan gestures wildly while chanting.
Dowan blinks!
You are confused.
You feel invigorated. Blork the orc hits you with a +0 mace.
* * * LOW HITPOINT WARNING * * *
Dowan gestures wildly while chanting.
Dowan blinks!
Blork the orc points at you and mumbles some strange words.
The puff of flame hits you.
You die...

... #.# #.#
#.# ####.#
..#.# #.#.#
..####.#o##
........@.#
...##.?..#
.#.##..e.#
..........#
###.####..#
# #..#
#..#####.
##..ยง.....
##...######


You could see Blork the orc and Dowan (fast).

Vanquished Creatures
  Menkaure (D:5)
  Duvessa (D:5)
  A sky beast (D:5)
  A phantom (D:4)
  A hound (D:5)
  2 orc priests (D:3)
  4 adders
  A white imp (D:5)
  An ufetubus (D:4)
  3 oozes
  3 worms
  A dart slug (D:1)
  7 leopard geckos
  2 orcs (D:3)
  7 bats
  6 giant cockroaches
  12 goblins
  8 hobgoblins
  7 jackals
  A quokka (D:2)
  2 ball pythons
  4 frilled lizards
  8 kobolds
  4 rats (D:2)
88 creatures vanquished.

Notes
Turn   | Place    | Note
-------+----------+-------------------------------------------
     0 | D:1      | Borgoz the Halfling Fighter began the quest for the Orb.
     0 | D:1      | Reached XP level 1. HP: 15/15 MP: 1/1
    65 | D:1      | Reached XP level 2. HP: 13/20 MP: 2/2
   248 | D:1      | Found a snail-covered altar of Cheibriados.
   369 | D:1      | Reached skill level 1 in Stealth
   402 | D:1      | Reached XP level 3. HP: 25/25 MP: 3/3
   414 | D:1      | Reached skill level 1 in Dodging
   787 | D:2      | Found a basalt altar of Yredelemnul.
   961 | D:2      | Reached XP level 4. HP: 21/31 MP: 4/4
  1977 | D:3      | Reached XP level 5. HP: 36/36 MP: 5/5
  2041 | D:3      | Reached skill level 4 in Armour
  2403 | D:3      | Reached XP level 6. HP: 40/42 MP: 6/6
  2414 | D:3      | Found a snail-covered altar of Cheibriados.
  2725 | D:3      | You fall into a shaft and drop 1 floor!
  2727 | D:4      | Found a glowing silver altar of Zin.
  2727 | D:4      | Noticed a phantom
  2766 | D:4      | Killed a phantom
  2769 | D:4      | Found a burning altar of Makhleb.
  3218 | D:5      | Entered Level 5 of the Dungeon
  3218 | D:5      | Noticed a sky beast
  3237 | D:5      | Killed a sky beast
  3238 | D:5      | Reached XP level 7. HP: 20/47 MP: 7/7
  3479 | D:5      | Noticed Menkaure
  3494 | D:5      | Killed Menkaure
  3545 | D:5      | Noticed Dowan
  3545 | D:5      | Noticed Duvessa
  3554 | D:5      | Noticed Blork the orc
  3579 | D:5      | Killed Duvessa
  3580 | D:5      | Reached skill level 5 in Armour
  3594 | D:5      | Killed from afar by Blork the orc

Illustrated notes

Levels and vault maps discovered:
D:1:      dpeg_chamrin_arrival_tetris, layout_rooms, cheibriados_altar_1
D:2:      layout_basic, overflow_temple_1_default, minmay_circle_x
D:3:      layout_basic, marbit_many_paths
D:4:      layout_cave_pools, lemuel_crystal_altar, overflow_temple_1_default
D:5:      layout_loops_corners, nicolae_qazlal_eye_of_the_storm,
          cheibrodos_sewer_entry_drain, minmay_misc_feat_cross,
          uniq_blork_the_orc, uniq_menkaure, uniq_duvessa

Skill      XL: |  1  2  3  4  5  6  7 |
---------------+----------------------+-----
Stealth        | 1 2 3 4 |  4.0
Dodging        | 1 2 3 |  3.6
Fighting       | 3 4 |  4.1
Short Blades   | 3 4 |  4.8
Armour         | 4 5 |  5.1
Shields        | |  3.3

Action                   |  1- 3 |  4- 6 |  7- 9 || total
-------------------------+-------+-------+-------++-------
Melee: Rapier            |   108 |   199 |    55 ||   362
  Use: Potion            |       |     2 |     4 ||     6
       Scroll            |       |     8 |       ||     8
Armor: Scale mail        |    46 |    56 |    14 ||   116
Dodge: Dodged            |    57 |    97 |    28 ||   182
Block: Kite shield       |    74 |    84 |    34 ||   192

Table legend: (Time is in decaauts)
 A = Elapsed time spent in this place.
 B = Non-inter-level travel time spent in this place.
 C = Inter-level travel time spent in this place.
 D = Time resting spent in this place.
 E = Time spent auto-exploring this place.
 F = Levels seen in this place.
 G = Mean time per level.
                   A        B        C        D        E       F      G
               +--------+--------+--------+--------+--------+-----+--------+
         Total |   3607 |   3520 |     87 |    505 |   2262 |   5 |  721.4 |
       Dungeon |   3607 |   3520 |     87 |    505 |   2262 |   5 |  721.4 |
               +--------+--------+--------+--------+--------+-----+--------+

Top non-repeatable levels by time:
     D:2: 1287 daAuts
     D:3: 761 daAuts
     D:1: 711 daAuts
     D:4: 495 daAuts
     D:5: 352 daAuts
